PIO (24 & UNDER)
COLORADO COMMANDERS @ SASKATOON SMOKIN' GUNS
08/30/2026
 
TOP OF THE 1ST
Colorado Commanders batting - Pitching for Saskatoon Smokin' Guns : LHP Macy Catron
Pitching: LHP Macy Catron
Batting: SHB Pancho Vásquez 0-0: SINGLE (Line Drive, 34)
Batting: RHB Roberto Rodríguez 0-0: Fly out, F6 (Popup, 6MS)
Batting: RHB Carlos Hernández 0-0: Hit by Pitch
Pancho Vásquez to second
Batting: SHB Theodore Cook 0-0: Fielders Choice at 2nd, 5-4 (Groundball, 5)
Pancho Vásquez to third
Batting: RHB Tim Adkins 0-0: Ball
1-0: Ball
2-0: Swinging Strike
2-1: 3-RUN HOME RUN (Flyball, 78XD), Distance : 453 ft
Batting: RHB Alberto Soto 0-0: Called Strike
0-1: Foul Ball, location: 2F
0-2: Ball
1-2: Ball
2-2: Foul Ball, location: 2F
2-2: Foul Ball, location: 2F
2-2: Strikes out swinging
Top of the 1st over - 3 run(s), 2 hit(s), 0 error(s), 0 left on base; Colorado 3 - Saskatoon 0
BOTTOM OF THE 1ST
Saskatoon Smokin' Guns batting - Pitching for Colorado Commanders : RHP Larry Jenkins
Pitching: RHP Larry Jenkins
Batting: LHB Alejandro Rojas 0-0: SINGLE (Groundball, 34D)
Batting: RHB Rijk de Rade 0-0: Called Strike
0-1: Ball
1-1: Called Strike
1-2: Strikes out looking
Batting: LHB José Liñares 0-0: Fly out, F8 (Flyball, 8LM)
Batting: RHB Luis Ibarra 0-0: Ball
1-0: Ball
2-0: Foul Ball, location: 2F
2-1: Called Strike
2-2: SINGLE (Flyball, 9LS)
Alejandro Rojas to second
Runner from 2nd tries for 3rd, SAFE, no throw or cutoff
Batting: LHB Russell Peck 0-0: Called Strike
0-1: Ball
1-1: Ball
2-1: Ball
3-1: Foul Ball, location: 2F
3-2: SINGLE (Line Drive, 89S)
Alejandro Rojas scores
Luis Ibarra to second
Luis Ibarra to third
Batting: RHB Brendon Little 0-0: Called Strike
0-1: Foul Ball, location: 2F
0-2: Ball
1-2: Ball
2-2: Foul Ball, location: 2F
2-2: Strikes out swinging
Bottom of the 1st over - 1 run(s), 3 hit(s), 0 error(s), 2 left on base; Colorado 3 - Saskatoon 1
TOP OF THE 2ND
Colorado Commanders batting - Pitching for Saskatoon Smokin' Guns : LHP Macy Catron
Batting: RHB Frank Martínez 0-0: Ball
1-0: Ball
2-0: Ball
3-0: Called Strike
3-1: Foul Ball, location: 2F
3-2: Foul Ball, location: 2F
3-2: Foul Ball, location: 2F
3-2: Foul Ball, location: 2F
3-2: Base on Balls
Batting: RHB Adam Reeves 0-0: Called Strike
0-1: Ball
1-1: Foul Ball, location: 2F
1-2: Strikes out looking
Batting: RHB Kyle Vélez 0-0: Ball
1-0: Foul Ball, location: 2F
1-1: Ball
2-1: Called Strike
2-2: Ball
3-2: Foul Ball, location: 2F
3-2: Strikes out swinging
Batting: SHB Pancho Vásquez 0-0: Ball
1-0: Called Strike
1-1: Ball
2-1: SINGLE (Line Drive, 6D)
Frank Martínez to second
Batting: RHB Roberto Rodríguez 0-0: Ball
1-0: Swinging Strike
1-1: SINGLE (Line Drive, 89S)
Frank Martínez to third
Pancho Vásquez to second
Runner from 3rd tries for Home, SAFE, no throw or cutoff
Batting: RHB Carlos Hernández 0-0: Ground out 5-3 (Groundball, 56)
Top of the 2nd over - 1 run(s), 2 hit(s), 0 error(s), 2 left on base; Colorado 4 - Saskatoon 1
BOTTOM OF THE 2ND
Saskatoon Smokin' Guns batting - Pitching for Colorado Commanders : RHP Larry Jenkins
Batting: RHB Ben Fisher 0-0: Ball
1-0: Called Strike
1-1: Swinging Strike
1-2: Fly out, F3 (Line Drive, 3)
Batting: LHB Bo Rush 0-0: Ball
1-0: SINGLE (Groundball, 3L) (infield hit)
Batting: RHB Zack Flint 0-0: Ball
1-0: Ball
2-0: Ball
3-0: Swinging Strike
3-1: Base on Balls
Bo Rush to second
Batting: LHB Alejandro Rojas 0-0: Called Strike
0-1: Grounds into double play, 4-6-3 (Groundball, 4)
Bottom of the 2nd over - 0 run(s), 1 hit(s), 0 error(s), 1 left on base; Colorado 4 - Saskatoon 1
TOP OF THE 3RD
Colorado Commanders batting - Pitching for Saskatoon Smokin' Guns : LHP Macy Catron
Batting: SHB Theodore Cook 0-0: Called Strike
0-1: Ball
1-1: Ball
2-1: Swinging Strike
2-2: Ball
3-2: Base on Balls
Batting: RHB Tim Adkins 0-0: Ball
1-0: Foul Ball, location: 2F
1-1: Called Strike
1-2: Foul Ball, location: 2F
1-2: Strikes out swinging
Batting: RHB Alberto Soto 0-0: Foul Ball, location: 2F
0-1: Foul Ball, location: 2F
0-2: Ball
1-2: Strikes out looking
Batting: RHB Frank Martínez 0-0: Called Strike
0-1: Ball
1-1: Ball
Theodore Cook is caught stealing 2nd base
Top of the 3rd over - 0 run(s), 0 hit(s), 0 error(s), 0 left on base; Colorado 4 - Saskatoon 1
BOTTOM OF THE 3RD
Saskatoon Smokin' Guns batting - Pitching for Colorado Commanders : RHP Larry Jenkins
Batting: RHB Rijk de Rade 0-0: Ball
1-0: Ball
2-0: Called Strike
2-1: Swinging Strike
2-2: Ball
3-2: Base on Balls
Batting: LHB José Liñares 0-0: Called Strike
0-1: Ball
1-1: Ball
2-1: Ball
3-1: SINGLE (Line Drive, 6MD)
Rijk de Rade to second
Batting: RHB Luis Ibarra 0-0: Called Strike
Rijk de Rade steals 3rd base
José Liñares to second
0-1: Ground out 6-3 (Groundball, 6M)
Rijk de Rade scores
José Liñares to third
Batting: LHB Russell Peck 0-0: Ball
1-0: 2-RUN HOME RUN (Flyball, 8RXD) (Inside the Park)
Batting: RHB Brendon Little 0-0: Called Strike
0-1: Ground out 5-3 (Groundball, 5S)
Batting: RHB Ben Fisher 0-0: Swinging Strike
0-1: Ball
1-1: Ball
2-1: DOUBLE (Flyball, 9LM)
Batting: LHB Bo Rush 0-0: SINGLE (Line Drive, 7LS)
Ben Fisher to third
Runner from 3rd tries for Home, SAFE, no throw or cutoff
Batting: RHB Zack Flint 0-0: Ball
1-0: Foul Ball, location: 2F
1-1: Swinging Strike
1-2: SINGLE (Groundball, 5D)
Bo Rush to second
Batting: LHB Alejandro Rojas 0-0: Called Strike
0-1: Called Strike
0-2: Ball
1-2: Strikes out swinging
Bottom of the 3rd over - 4 run(s), 5 hit(s), 0 error(s), 2 left on base; Colorado 4 - Saskatoon 5
TOP OF THE 4TH
Colorado Commanders batting - Pitching for Saskatoon Smokin' Guns : LHP Macy Catron
Batting: RHB Frank Martínez 0-0: Called Strike
0-1: Swinging Strike
0-2: Strikes out looking
Batting: RHB Adam Reeves 0-0: Foul Ball, location: 2F
0-1: Foul Ball, location: 2F
0-2: Ball
1-2: Strikes out swinging
Batting: RHB Kyle Vélez 0-0: Called Strike
0-1: Fly out, F9 (Flyball, 9D)
Top of the 4th over - 0 run(s), 0 hit(s), 0 error(s), 0 left on base; Colorado 4 - Saskatoon 5
BOTTOM OF THE 4TH
Saskatoon Smokin' Guns batting - Pitching for Colorado Commanders : RHP Larry Jenkins
Batting: RHB Rijk de Rade 0-0: Called Strike
0-1: Fly out, F8 (Line Drive, 8LM)
Batting: LHB José Liñares 0-0: Ball
1-0: Called Strike
1-1: Foul Ball, location: 2F
1-2: Fly out, F4 (Popup, 34D)
Batting: RHB Luis Ibarra 0-0: DOUBLE (Line Drive, 89M)
Batting: LHB Russell Peck 0-0: Called Strike
0-1: SINGLE (Groundball, 25) (infield hit)
Luis Ibarra to third
Batting: RHB Brendon Little 0-0: Called Strike
0-1: Foul Ball, location: 2F
0-2: Ball
1-2: Foul Ball, location: 2F
1-2: Foul Ball, location: 2F
1-2: Fly out, F9 (Flyball, 9M)
Bottom of the 4th over - 0 run(s), 2 hit(s), 0 error(s), 2 left on base; Colorado 4 - Saskatoon 5
TOP OF THE 5TH
Colorado Commanders batting - Pitching for Saskatoon Smokin' Guns : LHP Macy Catron
Batting: SHB Pancho Vásquez 0-0: Called Strike
0-1: Ball
1-1: Swinging Strike
1-2: Ball
2-2: SINGLE (Line Drive, 4MD)
Batting: RHB Roberto Rodríguez 0-0: Ball
Pancho Vásquez steals 2nd base
1-0: Ball
2-0: DOUBLE (Flyball, 89D)
Pancho Vásquez scores
Batting: RHB Carlos Hernández 0-0: Intentional Walk
Batting: SHB Theodore Cook 0-0: Ground out 5-3 (Groundball, 56S)
Roberto Rodríguez to third
Carlos Hernández to second
Batting: RHB Tim Adkins 0-0: Intentional Walk
Pitching: LHP Ernesto Pérez
Batting: RHB Alberto Soto 0-0: Ball
1-0: Called Strike
1-1: Swinging Strike
1-2: Strikes out swinging
Batting: RHB Frank Martínez 0-0: Foul Ball, location: 2F
0-1: Foul Ball, location: 2F
0-2: Foul Ball, location: 2F
0-2: Ball
1-2: Ball
2-2: Strikes out swinging
Top of the 5th over - 1 run(s), 2 hit(s), 0 error(s), 3 left on base; Colorado 5 - Saskatoon 5
BOTTOM OF THE 5TH
Saskatoon Smokin' Guns batting - Pitching for Colorado Commanders : RHP Larry Jenkins
Batting: RHB Ben Fisher 0-0: Ball
1-0: Ball
2-0: Called Strike
2-1: Ball
3-1: Base on Balls
Pitching: RHP Bill Davis
Batting: LHB Bo Rush 0-0: Foul Ball, location: 2F
0-1: Fly out, F5 (Popup, 56S)
Batting: RHB Zack Flint 0-0: Called Strike
0-1: Ball
1-1: Foul Ball, location: 2F
1-2: Foul Ball, location: 2F
1-2: Foul Ball, location: 2F
1-2: Foul Ball, location: 2F
1-2: Ball
2-2: Ball
3-2: Base on Balls
Ben Fisher to second
Batting: LHB Alejandro Rojas 0-0: Swinging Strike
0-1: Foul Ball, location: 2F
0-2: Foul Ball, location: 2F
0-2: Ball
1-2: Ball
2-2: Foul Ball, location: 2F
2-2: Strikes out swinging
Batting: RHB Rijk de Rade 0-0: Called Strike
0-1: Swinging Strike
0-2: Strikes out swinging
Bottom of the 5th over - 0 run(s), 0 hit(s), 0 error(s), 2 left on base; Colorado 5 - Saskatoon 5
TOP OF THE 6TH
Colorado Commanders batting - Pitching for Saskatoon Smokin' Guns : LHP Ernesto Pérez
Batting: RHB Adam Reeves 0-0: Ball
1-0: Fly out, F3 (Popup, 3SF)
Batting: RHB Kyle Vélez 0-0: Ball
1-0: Ball
2-0: Ground out 6-3 (Groundball, 6)
Batting: SHB Pancho Vásquez 0-0: Called Strike
0-1: Swinging Strike
0-2: Ball
1-2: Ground out 6-3 (Groundball, 6MS)
Top of the 6th over - 0 run(s), 0 hit(s), 0 error(s), 0 left on base; Colorado 5 - Saskatoon 5
BOTTOM OF THE 6TH
Saskatoon Smokin' Guns batting - Pitching for Colorado Commanders : RHP Bill Davis
Batting: LHB José Liñares 0-0: Called Strike
0-1: Called Strike
0-2: Ball
1-2: Foul Ball, location: 2F
1-2: SINGLE (Popup, 4MD)
Batting: RHB Luis Ibarra 0-0: Ball
1-0: Swinging Strike
1-1: Ball
2-1: Ball
3-1: Foul Ball, location: 2F
3-2: Strikes out looking
Pitching: RHP Josh Carson
Batting: LHB Russell Peck 0-0: Called Strike
0-1: Called Strike
0-2: Foul Ball, location: 2F
0-2: Strikes out swinging
Batting: RHB Brendon Little 0-0: SINGLE (Line Drive, 7S)
José Liñares to second
Batting: RHB Ben Fisher 0-0: Ball
1-0: Called Strike
1-1: Ball
2-1: Ball
3-1: Base on Balls
José Liñares to third
Brendon Little to second
Batting: LHB Bo Rush 0-0: Ball
1-0: Ball
2-0: Ball
3-0: Base on Balls
José Liñares scores
Brendon Little to third
Ben Fisher to second
Batting: RHB Zack Flint 0-0: Ball
1-0: Fielders Choice at 2nd, 6-4 (Groundball, 6)
Bottom of the 6th over - 1 run(s), 2 hit(s), 0 error(s), 2 left on base; Colorado 5 - Saskatoon 6
TOP OF THE 7TH
Colorado Commanders batting - Pitching for Saskatoon Smokin' Guns : LHP Ernesto Pérez
Batting: RHB Roberto Rodríguez 0-0: Ball
1-0: Foul Ball, location: 2F
1-1: Called Strike
1-2: Ground out 1-3 (Groundball, 25)
Pitching: RHP Denny Koch
Batting: RHB Carlos Hernández 0-0: Fly out, F9 (Line Drive, 9S)
Batting: SHB Theodore Cook 0-0: Ball
1-0: Ball
2-0: Fly out, F9 (Flyball, 9M)
Top of the 7th over - 0 run(s), 0 hit(s), 0 error(s), 0 left on base; Colorado 5 - Saskatoon 6
BOTTOM OF THE 7TH
Saskatoon Smokin' Guns batting - Pitching for Colorado Commanders : RHP Josh Carson
Batting: LHB Alejandro Rojas 0-0: Ground out U3 (Groundball, 3L)
Batting: RHB Rijk de Rade 0-0: Called Strike
0-1: Ball
1-1: Ball
2-1: Foul Ball, location: 2F
2-2: Ball
3-2: Base on Balls
Batting: LHB José Liñares 0-0: SINGLE (Groundball, 4MD)
Rijk de Rade to second
Rijk de Rade to third
Batting: RHB Luis Ibarra 0-0: Ball
1-0: Foul Ball, location: 2F
1-1: Ball
2-1: Ball
3-1: Foul Ball, location: 2F
3-2: Base on Balls
José Liñares to second
Batting: LHB Russell Peck 0-0: Foul Ball, location: 2F
0-1: Fly out, F8 (Flyball, 89M)
Runner from 3rd tags up, SCORES, no throw
Pinch Hitting: LHB Raúl Casillán 0-0: Ball
1-0: Called Strike
1-1: Fly out, F7 (Flyball, 7M)
Bottom of the 7th over - 1 run(s), 1 hit(s), 0 error(s), 2 left on base; Colorado 5 - Saskatoon 7
TOP OF THE 8TH
Colorado Commanders batting - Pitching for Saskatoon Smokin' Guns : RHP Denny Koch
Now in LF: César Rodríguez
Now in CF: Raúl Casillán
Batting: RHB Tim Adkins 0-0: Ball
1-0: Called Strike
1-1: Ground out 6-3 (Groundball, 6)
Batting: RHB Alberto Soto 0-0: Called Strike
0-1: Fly out, F9 (Flyball, 89M)
Batting: RHB Frank Martínez 0-0: Foul Ball, location: 2F
0-1: Ball
1-1: Ground out 5-3 (Groundball, 56)
Top of the 8th over - 0 run(s), 0 hit(s), 0 error(s), 0 left on base; Colorado 5 - Saskatoon 7
BOTTOM OF THE 8TH
Saskatoon Smokin' Guns batting - Pitching for Colorado Commanders : RHP Josh Carson
Batting: RHB Ben Fisher 0-0: Called Strike
0-1: Ball
1-1: Ground out 6-3 (Groundball, 6)
Pitching: RHP Tomás Rodríguez
Batting: LHB Bo Rush 0-0: Ball
1-0: Called Strike
1-1: Ball
2-1: Ground out 4-3 (Groundball, 4)
Batting: RHB Zack Flint 0-0: Called Strike
0-1: Ball
1-1: Foul Ball, location: 2F
1-2: Ground out 4-3 (Groundball, 4M)
Bottom of the 8th over - 0 run(s), 0 hit(s), 0 error(s), 0 left on base; Colorado 5 - Saskatoon 7
TOP OF THE 9TH
Colorado Commanders batting - Pitching for Saskatoon Smokin' Guns : RHP Denny Koch
Pitching: RHP Melvin Hicks
Batting: RHB Adam Reeves 0-0: Called Strike
0-1: Ball
1-1: Swinging Strike
1-2: Fly out, F7 (Flyball, 7M)
Batting: RHB Kyle Vélez 0-0: Foul Ball, location: 2F
0-1: Ball
1-1: SINGLE (Line Drive, 7S)
Pinch Hitting: RHB Ricardo Remedios 0-0: Called Strike
0-1: Ball
1-1: SINGLE (Flyball, 7S)
Kyle Vélez to second
Pinch Hitting: LHB Arturo Rodledo 0-0: Foul Ball, location: 2F
0-1: Called Strike
0-2: Ball
1-2: Fly out, F5 (Line Drive, 5S)
Pinch Hitting: RHB Gerald Johnson 0-0: Called Strike
0-1: SINGLE (Flyball, 7LM)
Kyle Vélez to third
Ricardo Remedios to second
Runner from 3rd tries for Home, SAFE, no throw or cutoff
Pinch Hitting: RHB Chris Rice 0-0: Swinging Strike
0-1: Ball
1-1: Swinging Strike
1-2: Ball
2-2: Foul Ball, location: 2F
2-2: Strikes out swinging
Top of the 9th over - 1 run(s), 3 hit(s), 0 error(s), 2 left on base; Colorado 6 - Saskatoon 7
Monday, December 5th, 2016 - OOTP Baseball 17.12 Build 75